Blues vs Bruins
(R1)
Created - February 7, 2018 at 19:43
Goals
|
| Blues |
0 |
0 |
1 |
1 |
| Bruins |
2 |
2 |
2 |
6 |
|
Shots
|
| Blues |
12 |
8 |
6 |
26 |
| Bruins |
14 |
8 |
11 |
33 |
|
1st period
1. Bruins , Alex Tanguay 10 (Marc Savard 29) at 17:34
2. Bruins , Wojtek Wolski 27 (Cam Fowler 11, Andrew Alberts 18) at 19:17
Penalties :
Wojtek Wolski (Bos) for Roughing (Minor) at 10:20, Linus Omark (STL) for Holding (Minor) at 12:33, Logan Couture (STL) for Hooking (Minor) at 19:24
2nd period
3. Bruins , Andrew Alberts 7 (Wojtek Wolski 34, Henrik Sedin 32) at 0:06 (PP)
4. Bruins , Victor Oreskovich 14 (Marc Savard 30, Viktor Stalberg 16) at 13:30
Penalties :
Drew Fata (STL) for Hooking (Minor) at 1:32, David Perron (STL) for Tripping (Minor) at 10:22, Tuukka Rask (STL) for Slashing (Minor) at 10:28 - Logan Couture served the penalty, Rene Bourque (Bos) for Hooking (Minor) at 14:44, Jake Gardiner (STL) for Hooking (Minor) at 18:03
3rd period
5. Bruins , Henrik Sedin 24 (Wojtek Wolski 35, Nathan Horton 15) at 1:43
6. Bruins , Alex Tanguay 11 (Marc Savard 31, Cam Fowler 12) at 2:49
7. Blues , Travis Zajac 18 (Sergei Shirokov 14, Ted Purcell 19) at 17:00
Penalties :
Michael Grabner (STL) for Hooking (Minor) at 3:13, Sergei Shirokov (STL) for Hooking (Minor) at 11:53, Alex Pietrangelo (STL) for Slashing (Minor) at 18:46
Goalie Stats
Ray Emery (STL), 4 saves from 4 shots - (1.000), 17:11 minutes
Tuukka Rask (STL), 23 saves from 29 shots - (0.793), L, 18-16-2, 42:49 minutes
Kevin Poulin (Bos), 25 saves from 26 shots - (0.962), W, 17-12-4, 60:00 minutes
Players Stats for Blues
Player Name G A P +/- PIM S H SB GA TA FO MP PP MP PK MP
------------------------------------------------------------------------------------
Alex Pietrangelo 0 0 0 0 2 1 1 3 0 0 0/0 20:00 2:17 2:57
Bryce Lampman 0 0 0 -1 0 1 0 1 0 1 0/0 26:05 1:41 8:38
David Perron 0 0 0 -3 2 1 0 2 0 0 0/0 15:25 1:21 0:06
Derek Boogaard 0 0 0 -1 0 1 0 0 0 0 0/0 9:55 0:20 1:09
Drew Fata 0 0 0 -3 2 1 0 2 0 1 0/0 22:23 0:00 6:52
Jake Gardiner 0 0 0 -2 2 0 0 1 0 0 0/0 19:03 2:17 4:08
Linus Omark 0 0 0 -1 2 0 0 0 0 0 0/0 10:22 0:00 3:10
Logan Couture 0 0 0 -2 2 0 2 0 2 1 5/9 12:52 0:00 3:26
Marian Hossa 0 0 0 -1 0 2 0 0 0 0 0/0 9:57 1:44 0:00
Michael Grabner 0 0 0 -2 2 0 0 0 0 1 0/1 14:58 1:48 0:00
Nicklas Backstrom 0 0 0 -3 0 1 0 0 2 0 12/22 18:44 1:18 3:04
Patrick Kaleta 0 0 0 -1 0 4 2 0 0 0 0/2 14:16 0:00 6:56
Sergei Shirokov 0 1 1 1 2 2 1 0 0 0 1/1 12:40 0:32 0:00
Ted Purcell 0 1 1 1 0 5 2 0 0 0 0/0 14:25 2:14 0:00
Tomas Plekanec 0 0 0 -1 0 1 1 0 0 0 1/5 8:19 0:23 0:54
Travis Zajac 1 0 1 1 0 6 1 0 0 0 13/24 21:55 2:14 7:12
Victor Hedman 0 0 0 -1 0 0 0 0 0 0 0/0 15:17 1:41 0:39
Yann Sauvé 0 0 0 -1 0 0 1 2 0 2 0/0 17:28 0:00 4:36
Players Stats for Bruins
Player Name G A P +/- PIM S H SB GA TA FO MP PP MP PK MP
------------------------------------------------------------------------------------
Adam McQuaid 0 0 0 1 0 0 0 0 0 1 0/0 12:01 0:00 0:00
Alex Tanguay 2 0 2 2 0 3 1 0 0 1 0/2 11:29 0:04 1:38
Andrew Alberts 1 1 2 3 0 3 0 4 0 0 0/0 25:55 9:08 1:59
Cam Fowler 0 2 2 4 0 0 0 0 0 0 0/0 19:05 4:41 0:00
Dave Bolland 0 0 0 -1 0 0 0 0 1 0 2/4 10:07 0:04 1:39
Henrik Sedin 1 1 2 2 0 6 5 0 0 0 22/36 22:30 7:44 1:43
Jason Demers 0 0 0 -1 0 0 2 1 0 0 0/0 26:41 9:14 1:59
Kris Chucko 0 0 0 0 0 0 2 0 1 0 0/0 10:43 0:00 0:21
Marc Savard 0 3 3 3 0 2 0 0 0 0 6/13 16:25 6:07 0:00
Mike Fisher 0 0 0 0 0 2 2 1 0 0 1/2 10:21 0:00 0:00
Nate Prosser 0 0 0 1 0 1 0 0 1 1 0/0 14:20 0:06 1:59
Nathan Horton 0 1 1 2 0 2 3 1 1 0 0/1 20:12 7:44 1:35
Nikolai Zherdev 0 0 0 0 0 2 0 0 1 0 0/0 10:25 0:04 0:00
Rene Bourque 0 0 0 -1 2 0 0 0 0 0 0/0 8:24 0:00 0:00
Shane O'Brien 0 0 0 0 0 2 1 1 0 1 0/0 21:58 4:41 1:59
Victor Oreskovich 1 0 1 2 0 5 0 0 0 0 1/3 18:23 6:07 0:00
Viktor Stalberg 0 1 1 1 0 2 0 0 0 0 0/1 15:06 6:07 0:00
Wojtek Wolski 1 2 3 2 2 3 2 0 1 0 0/2 21:55 7:44 1:00
3 Stars
1 - Alex Tanguay (Bos)
2 - Henrik Sedin (Bos)
3 - Andrew Alberts (Bos)
Power Play
Blues - 0 on 2 Attempt(s) - 0.00%
Bruins - 1 on 9 Attempt(s) - 11.11%
Penalty Kill
Blues - 8 on 9 Attempt(s) - 88.89%
- Score 0 goal in Penalty Kill
Bruins - 2 on 2 Attempt(s) - 100.00%
- Score 0 goal in Penalty Kill
Team Stat
Blues - Hits : 11 - Faceoff Wins : 32 - Blocked Shots : 11 - Penalty Minutes : 18
Bruins - Hits : 18 - Faceoff Wins : 32 - Blocked Shots : 8 - Penalty Minutes : 4
Official
Referees : Walsh Ian and Pochmara Brian
Linesman : Brad Lazarowich and Mark Wheler
Game Notes
Ray Emery enters game at 2:49 of 3rd period
Finance
Level 1 -- Attendance: 4076 (67.93%) -- Ticket Income $423,904
Level 2 -- Attendance: 3263 (65.26%) -- Ticket Income $208,832
Level 3 -- Attendance: 2000 (100.00%) -- Ticket Income $68,000
Level 4 -- Attendance: 3813 (95.33%) -- Ticket Income $91,512
Luxury Box -- Attendance: 714 (71.40%) -- Ticket Income $138,516
Game was played at the TD Banknorth Garden.
Total Attendance: 13866 (77.03%)
Total Ticket Income: $930,764
Other Income: $139,615
Total Income: $1,070,379
Blues
5 vs 5 Forward
Center Left Wing Right Wing Time % Phy DF OF
1 Nicklas Backstrom David Perron Michael Grabner 40 1 2 2
2 Travis Zajac Ted Purcell Sergei Shirokov 30 1 2 2
3 Logan Couture Derek Boogaard Marian Hossa 20 1 2 2
4 Tomas Plekanec Linus Omark Patrick Kaleta 10 1 2 2
5 vs 5 Defense
Defense Defense Time % Phy DF OF
1 Alex Pietrangelo Bryce Lampman 40 1 2 2
2 Jake Gardiner Drew Fata 30 1 2 2
3 Victor Hedman Yann Sauvé 20 1 2 2
4 Alex Pietrangelo Drew Fata 10 1 2 2
PowerPlay Forward
Center Left Wing Right Wing Time % Phy DF OF
1 Nicklas Backstrom David Perron Marian Hossa 60 1 2 2
2 Travis Zajac Ted Purcell Michael Grabner 40 1 2 2
PowerPlay Defense
Defense Defense Time % Phy DF OF
1 Jake Gardiner Alex Pietrangelo 60 1 2 2
2 Victor Hedman Bryce Lampman 40 1 2 2
Penalty Kill 4 Players Forward
Center Wing Time % Phy DF OF
1 Travis Zajac Patrick Kaleta 60 1 2 2
2 Logan Couture Linus Omark 40 1 2 2
Penalty Kill 4 Players Defense
Defense Defense Time % Phy DF OF
1 Drew Fata Bryce Lampman 60 1 2 2
2 Yann Sauvé Jake Gardiner 40 1 2 2
Penalty Kill - 3 Players Forward
Forward Time % Phy DF OF
1 Travis Zajac 60 1 2 2
2 Tomas Plekanec 40 1 2 2
Penalty Kill - 3 Players Defense
Defense Defense Time % Phy DF OF
1 Bryce Lampman Drew Fata 60 1 2 2
2 Alex Pietrangelo Jake Gardiner 40 1 2 2
4 vs 4 Forward
Center Wing Time % Phy DF OF
1 Travis Zajac Sergei Shirokov 60 1 2 2
2 Nicklas Backstrom Ted Purcell 40 1 2 2
4 vs 4 Defense
Defense Defense Time % Phy DF OF
1 Victor Hedman Alex Pietrangelo 60 1 2 2
2 Drew Fata Jake Gardiner 40 1 2 2
Last Minutes Offensive
Center Left Wing Right Wing Defense Defense
Nicklas Backstrom David Perron Marian Hossa Jake Gardiner Alex Pietrangelo
Last Minutes Defensive
Center Left Wing Right Wing Defense Defense
Travis Zajac Ted Purcell Patrick Kaleta Bryce Lampman Drew Fata
Goaltenders
Starting : Tuukka Rask
Backup : Ray Emery
Extra Forwards
Normal : Patrick Kaleta, Logan Couture, David Perron - PP : Sergei Shirokov, Tomas Plekanec - PK : Nicklas Backstrom
Extra Defensemen
Normal : Jake Gardiner, Yann Sauvé, Drew Fata - PP : Drew Fata - PK : Alex Pietrangelo, Victor Hedman
Penalty Shots
David Perron, Ted Purcell, Marian Hossa, Logan Couture, Nicklas Backstrom
Scratches
Jamie Langenbrunner (Healthy), Marcel Hossa (Healthy)
Bruins
5 vs 5 Forward
Center Left Wing Right Wing Time % Phy DF OF
1 Henrik Sedin Wojtek Wolski Victor Oreskovich 40 0 2 3
2 Marc Savard Alex Tanguay Nathan Horton 30 0 2 3
3 Dave Bolland Viktor Stalberg Rene Bourque 20 1 2 2
4 Mike Fisher Kris Chucko Nikolai Zherdev 10 1 2 2
5 vs 5 Defense
Defense Defense Time % Phy DF OF
1 Jason Demers Shane O'Brien 40 0 2 3
2 Cam Fowler Andrew Alberts 30 1 2 2
3 Adam McQuaid Nate Prosser 20 1 2 2
4 Jason Demers Andrew Alberts 10 1 2 2
PowerPlay Forward
Center Left Wing Right Wing Time % Phy DF OF
1 Henrik Sedin Wojtek Wolski Nathan Horton 60 0 1 4
2 Marc Savard Viktor Stalberg Victor Oreskovich 40 0 1 4
PowerPlay Defense
Defense Defense Time % Phy DF OF
1 Jason Demers Andrew Alberts 60 0 2 3
2 Cam Fowler Shane O'Brien 40 0 2 3
Penalty Kill 4 Players Forward
Center Wing Time % Phy DF OF
1 Henrik Sedin Wojtek Wolski 60 0 4 1
2 Nathan Horton Dave Bolland 40 0 4 1
Penalty Kill 4 Players Defense
Defense Defense Time % Phy DF OF
1 Jason Demers Shane O'Brien 60 0 5 0
2 Nate Prosser Andrew Alberts 40 0 5 0
Penalty Kill - 3 Players Forward
Forward Time % Phy DF OF
1 Wojtek Wolski 60 0 4 1
2 Nathan Horton 40 0 4 1
Penalty Kill - 3 Players Defense
Defense Defense Time % Phy DF OF
1 Jason Demers Shane O'Brien 60 0 5 0
2 Nate Prosser Andrew Alberts 40 0 5 0
4 vs 4 Forward
Center Wing Time % Phy DF OF
1 Henrik Sedin Wojtek Wolski 60 0 2 3
2 Marc Savard Victor Oreskovich 40 0 2 3
4 vs 4 Defense
Defense Defense Time % Phy DF OF
1 Jason Demers Shane O'Brien 60 1 2 2
2 Nate Prosser Andrew Alberts 40 1 2 2
Last Minutes Offensive
Center Left Wing Right Wing Defense Defense
Henrik Sedin Wojtek Wolski Victor Oreskovich Jason Demers Andrew Alberts
Last Minutes Defensive
Center Left Wing Right Wing Defense Defense
Henrik Sedin Wojtek Wolski Victor Oreskovich Jason Demers Shane O'Brien
Goaltenders
Starting : Kevin Poulin
Backup : Craig Anderson
Extra Forwards
Normal : Viktor Stalberg, Wojtek Wolski, Nathan Horton - PP : Viktor Stalberg, Dave Bolland - PK : Nathan Horton
Extra Defensemen
Normal : Cam Fowler, Jason Demers, Andrew Alberts - PP : Nate Prosser - PK : Nate Prosser, Cam Fowler
Penalty Shots
Wojtek Wolski, Viktor Stalberg, Nathan Horton, Marc Savard, Henrik Sedin
Scratches
Kevin Bieksa (Groin Injury)
% Time on Ice - Blues
Lines # - Real PCT - Wanted PCT - Time Play
Normal Forward
1 - 34% - 40% - 14:30
2 - 29% - 30% - 12:22
3 - 20% - 20% - 8:13
4 - 17% - 10% - 7:02
Normal Defense
1 - 42% - 40% - 17:32
2 - 28% - 30% - 11:38
3 - 27% - 20% - 11:31
4 - 3% - 10% - 1:26
PP Forward
1 - 44% - 60% - 1:44
2 - 56% - 40% - 2:14
PP Defense
1 - 58% - 60% - 2:17
2 - 42% - 40% - 1:41
PK Forward
1 - 70% - 60% - 8:27
2 - 30% - 40% - 3:35
PK Defense
1 - 64% - 60% - 7:39
2 - 36% - 40% - 4:23
PK3 Forward
1 - 72% - 60% - 1:21
2 - 28% - 40% - 0:32
PK3 Defense
1 - 72% - 60% - 1:21
2 - 28% - 40% - 0:32
44 Forward
1 - 0% - 60%
2 - 0% - 40%
44 Defense
1 - 0% - 60%
2 - 0% - 40%
Last Minute Offensive - 0:00
Last Minute Defensive - 0:00
Total
Forward - 60:00
Defense - 60:00
|
% Time on Ice - Bruins
Lines # - Real PCT - Wanted PCT - Time Play
Normal Forward
1 - 31% - 40% - 13:04
2 - 24% - 30% - 10:18
3 - 20% - 20% - 8:24
4 - 25% - 10% - 10:21
Normal Defense
1 - 35% - 40% - 14:56
2 - 33% - 30% - 13:49
3 - 29% - 20% - 12:01
4 - 3% - 10% - 1:21
PP Forward
1 - 56% - 60% - 7:48
2 - 44% - 40% - 6:07
PP Defense
1 - 66% - 60% - 9:14
2 - 34% - 40% - 4:41
PK Forward
1 - 85% - 60% - 3:22
2 - 15% - 40% - 0:36
PK Defense
1 - 50% - 60% - 1:59
2 - 50% - 40% - 1:59
PK3 Forward
1 - 0% - 60%
2 - 0% - 40%
PK3 Defense
1 - 0% - 60%
2 - 0% - 40%
44 Forward
1 - 0% - 60%
2 - 0% - 40%
44 Defense
1 - 0% - 60%
2 - 0% - 40%
Last Minute Offensive - 0:00
Last Minute Defensive - 0:00
Total
Forward - 60:00
Defense - 60:00
|
Play by Play
1st period
0:01 of 1st period - Nicklas Backstrom wins face-off versus Victor Oreskovich in neutral zone.
0:14 of 1st period - Snap shot by Nicklas Backstrom.
0:14 of 1st period - Shot Misses the Net.
0:16 of 1st period - Slapshot by Bryce Lampman.
0:16 of 1st period - Deflect By Wojtek Wolski.
0:16 of 1st period - Stopped by Kevin Poulin without a rebound.
0:17 of 1st period - Travis Zajac wins face-off versus Alex Tanguay in Bruins zone.
0:32 of 1st period - Wrist shot by Travis Zajac.
0:32 of 1st period - Shot Blocked by Nathan Horton.
2:36 of 1st period - Wrist shot by Victor Oreskovich.
2:36 of 1st period - Shot Blocked by Yann Sauvé.
2:38 of 1st period - Slapshot by Shane O'Brien.
2:38 of 1st period - Stopped by Tuukka Rask without a rebound.
2:39 of 1st period - Henrik Sedin wins face-off versus Nicklas Backstrom in Blues zone.
3:37 of 1st period - Snap shot by Dave Bolland.
3:37 of 1st period - Shot Misses the Net.
3:49 of 1st period - Wrist shot by Dave Bolland.
3:49 of 1st period - Shot Blocked by Alex Pietrangelo.
4:13 of 1st period - Wrist shot by Viktor Stalberg.
4:13 of 1st period - Shot Misses the Net.
4:15 of 1st period - Slapshot by Andrew Alberts.
4:15 of 1st period - Stopped by Tuukka Rask with a rebound.
4:17 of 1st period - Slapshot by Andrew Alberts.
4:17 of 1st period - Stopped by Tuukka Rask without a rebound.
4:18 of 1st period - Henrik Sedin wins face-off versus Nicklas Backstrom in Blues zone.
4:27 of 1st period - Yann Sauvé is hit by Henrik Sedin and loses puck.
4:44 of 1st period - Snap shot by Nikolai Zherdev.
4:44 of 1st period - Stopped by Tuukka Rask with a rebound.
4:48 of 1st period - Wrist shot by Mike Fisher.
4:48 of 1st period - Shot Misses the Net.
4:50 of 1st period - Slapshot by Nate Prosser.
4:50 of 1st period - Deflect By Mike Fisher.
4:50 of 1st period - Stopped by Tuukka Rask with a rebound.
5:08 of 1st period - David Perron is hit by Nathan Horton and loses puck.
5:31 of 1st period - Wrist shot by Travis Zajac.
5:31 of 1st period - Deflect By Jason Demers.
5:31 of 1st period - Stopped by Kevin Poulin without a rebound.
5:32 of 1st period - Henrik Sedin wins face-off versus Travis Zajac in Bruins zone.
5:49 of 1st period - Slapshot by Henrik Sedin.
5:49 of 1st period - Deflect By Victor Oreskovich.
5:49 of 1st period - Stopped by Tuukka Rask without a rebound.
5:50 of 1st period - Logan Couture wins face-off versus Marc Savard in Blues zone.
6:15 of 1st period - Jason Demers is hit by Sergei Shirokov and loses puck.
6:35 of 1st period - Icing by Cam Fowler.
6:36 of 1st period - Henrik Sedin wins face-off versus Tomas Plekanec in Bruins zone.
6:43 of 1st period - Snap shot by Patrick Kaleta.
6:43 of 1st period - Stopped by Kevin Poulin with a rebound.
6:45 of 1st period - Slapshot by Bryce Lampman.
6:45 of 1st period - Shot Misses the Net.
6:47 of 1st period - Snap shot by Patrick Kaleta.
6:47 of 1st period - Stopped by Kevin Poulin without a rebound.
6:48 of 1st period - Nicklas Backstrom wins face-off versus Henrik Sedin in Bruins zone.
8:12 of 1st period - Wrist shot by Viktor Stalberg.
8:12 of 1st period - Shot Misses the Net.
9:12 of 1st period - Snap shot by Travis Zajac.
9:12 of 1st period - Deflect By Cam Fowler.
9:12 of 1st period - Shot Misses the Net.
9:12 of 1st period - Puck is out of play.
9:13 of 1st period - Nicklas Backstrom wins face-off versus Henrik Sedin in Bruins zone.
10:20 of 1st period - Minor Penalty to Wojtek Wolski for Roughing.
10:21 of 1st period - Travis Zajac wins face-off versus Nathan Horton in Bruins zone.
11:21 of 1st period - Slapshot by Victor Hedman.
11:21 of 1st period - Deflect By Marian Hossa.
11:21 of 1st period - Stopped by Kevin Poulin without a rebound.
11:22 of 1st period - Henrik Sedin wins face-off versus Tomas Plekanec in Bruins zone.
12:20 of 1st period - Penalty to Wojtek Wolski is over, Wojtek Wolski is back on ice.
12:33 of 1st period - Minor Penalty to Linus Omark for Holding.
12:34 of 1st period - Travis Zajac wins face-off versus Henrik Sedin in Blues zone.
12:39 of 1st period - Icing by Nathan Horton.
12:40 of 1st period - Henrik Sedin wins face-off versus Travis Zajac in Bruins zone.
12:53 of 1st period - Wrist shot by Henrik Sedin.
12:53 of 1st period - Stopped by Tuukka Rask without a rebound.
12:54 of 1st period - Travis Zajac wins face-off versus Henrik Sedin in Blues zone.
12:54 of 1st period - Travis Zajac is hit by Nathan Horton.
13:06 of 1st period - Snap shot by Nathan Horton.
13:06 of 1st period - Stopped by Tuukka Rask without a rebound.
13:07 of 1st period - Henrik Sedin wins face-off versus Travis Zajac in Blues zone.
13:08 of 1st period - Snap shot by Wojtek Wolski.
13:08 of 1st period - Shot Misses the Net.
13:42 of 1st period - Icing by Victor Oreskovich.
13:43 of 1st period - Marc Savard wins face-off versus Logan Couture in Bruins zone.
13:45 of 1st period - Icing by Victor Oreskovich.
13:46 of 1st period - Logan Couture wins face-off versus Marc Savard in Bruins zone.
13:59 of 1st period - Backhand shot by Marc Savard.
13:59 of 1st period - Stopped by Tuukka Rask without a rebound.
14:00 of 1st period - Travis Zajac wins face-off versus Henrik Sedin in Blues zone.
14:00 of 1st period - Travis Zajac is hit by Nathan Horton.
14:26 of 1st period - Victor Oreskovich is hit by Patrick Kaleta and loses puck.
14:33 of 1st period - Penalty to Linus Omark is over, Linus Omark is back on ice.
15:12 of 1st period - Wrist shot by Derek Boogaard.
15:12 of 1st period - Stopped by Kevin Poulin with a rebound.
15:56 of 1st period - Wrist shot by Nicklas Backstrom.
15:56 of 1st period - Deflect By Jason Demers.
15:56 of 1st period - Stopped by Kevin Poulin without a rebound.
15:57 of 1st period - Logan Couture wins face-off versus Marc Savard in Bruins zone.
16:14 of 1st period - Nathan Horton is hit by Logan Couture and loses puck.
16:29 of 1st period - Snap shot by Henrik Sedin.
16:29 of 1st period - Stopped by Tuukka Rask with a rebound.
16:35 of 1st period - Snap shot by Henrik Sedin.
16:35 of 1st period - Shot Misses the Net.
16:51 of 1st period - Slapshot by Sergei Shirokov.
16:51 of 1st period - Stopped by Kevin Poulin with a rebound.
16:53 of 1st period - Wrist shot by Travis Zajac.
16:53 of 1st period - Shot Blocked by Jason Demers.
16:55 of 1st period - Slapshot by Jake Gardiner.
16:55 of 1st period - Shot Misses the Net.
16:57 of 1st period - Slapshot by Drew Fata.
16:57 of 1st period - Deflect By Travis Zajac.
16:57 of 1st period - Shot Misses the Net.
16:57 of 1st period - Puck is out of play.
16:58 of 1st period - Henrik Sedin wins face-off versus Travis Zajac in Bruins zone.
17:28 of 1st period - Wrist shot by David Perron.
17:28 of 1st period - Stopped by Kevin Poulin without a rebound.
17:29 of 1st period - Marc Savard wins face-off versus Nicklas Backstrom in Bruins zone.
17:34 of 1st period - Snap shot by Alex Tanguay.
17:34 of 1st period - Goal by Alex Tanguay - Blues : 0 - Bruins : 1.
17:35 of 1st period - Henrik Sedin wins face-off versus Nicklas Backstrom in neutral zone.
17:52 of 1st period - Snap shot by Alex Pietrangelo.
17:52 of 1st period - Deflect By Wojtek Wolski.
17:52 of 1st period - Stopped by Kevin Poulin without a rebound.
17:53 of 1st period - Sergei Shirokov wins face-off versus Marc Savard in Bruins zone.
17:56 of 1st period - Backhand shot by Ted Purcell.
17:56 of 1st period - Shot Misses the Net.
18:00 of 1st period - Wrist shot by Sergei Shirokov.
18:00 of 1st period - Stopped by Kevin Poulin without a rebound.
18:01 of 1st period - Travis Zajac wins face-off versus Marc Savard in Bruins zone.
18:04 of 1st period - Snap shot by Travis Zajac.
18:04 of 1st period - Shot Misses the Net.
18:06 of 1st period - Snap shot by Ted Purcell.
18:06 of 1st period - Deflect By Travis Zajac.
18:06 of 1st period - Stopped by Kevin Poulin without a rebound.
18:07 of 1st period - Victor Oreskovich wins face-off versus Michael Grabner in Bruins zone.
18:13 of 1st period - Icing by Henrik Sedin.
18:14 of 1st period - Henrik Sedin wins face-off versus Nicklas Backstrom in Bruins zone.
18:19 of 1st period - Snap shot by Henrik Sedin.
18:19 of 1st period - Stopped by Tuukka Rask with a rebound.
18:52 of 1st period - Wrist shot by Marc Savard.
18:52 of 1st period - Shot Misses the Net.
18:59 of 1st period - Icing by Bryce Lampman.
19:00 of 1st period - Dave Bolland wins face-off versus Travis Zajac in Blues zone.
19:01 of 1st period - Wrist shot by Viktor Stalberg.
19:01 of 1st period - Stopped by Tuukka Rask without a rebound.
19:02 of 1st period - Nicklas Backstrom wins face-off versus Henrik Sedin in Blues zone.
19:07 of 1st period - Snap shot by Henrik Sedin.
19:07 of 1st period - Shot Blocked by David Perron.
19:11 of 1st period - Wrist shot by Wojtek Wolski.
19:11 of 1st period - Shot Misses the Net.
19:13 of 1st period - Wrist shot by Wojtek Wolski.
19:13 of 1st period - Shot Blocked by Jake Gardiner.
19:15 of 1st period - Slapshot by Cam Fowler.
19:15 of 1st period - Shot Blocked by Drew Fata.
19:17 of 1st period - Wrist shot by Wojtek Wolski.
19:17 of 1st period - Goal by Wojtek Wolski - Blues : 0 - Bruins : 2.
19:18 of 1st period - Marc Savard wins face-off versus Logan Couture in neutral zone.
19:24 of 1st period - Minor Penalty to Logan Couture for Hooking.
19:25 of 1st period - Travis Zajac wins face-off versus Henrik Sedin in Blues zone.
19:59 of 1st period - Wrist shot by Marc Savard.
19:59 of 1st period - Shot Blocked by Bryce Lampman.
Goals for this period are 0 for Blues vs 2 for Bruins.
Shots for this period are 12 for Blues vs 14 for Bruins.
2nd period
0:01 of 2nd period - Henrik Sedin wins face-off versus Patrick Kaleta in neutral zone.
0:04 of 2nd period - Wrist shot by Wojtek Wolski.
0:04 of 2nd period - Shot Blocked by Drew Fata.
0:06 of 2nd period - Snap shot by Andrew Alberts.
0:06 of 2nd period - Goal by Andrew Alberts - Blues : 0 - Bruins : 3.
0:07 of 2nd period - Marc Savard wins face-off versus Nicklas Backstrom in neutral zone.
0:10 of 2nd period - Snap shot by Shane O'Brien.
0:10 of 2nd period - Deflect By Alex Tanguay.
0:10 of 2nd period - Shot Blocked by Alex Pietrangelo.
0:10 of 2nd period - Puck is out of play.
0:11 of 2nd period - Nicklas Backstrom wins face-off versus Alex Tanguay in Blues zone.
0:24 of 2nd period - Snap shot by Alex Tanguay.
0:24 of 2nd period - Stopped by Tuukka Rask without a rebound.
0:25 of 2nd period - Henrik Sedin wins face-off versus Travis Zajac in Blues zone.
0:28 of 2nd period - Snap shot by Victor Oreskovich.
0:28 of 2nd period - Stopped by Tuukka Rask without a rebound.
0:29 of 2nd period - Travis Zajac wins face-off versus Henrik Sedin in Blues zone.
0:40 of 2nd period - Backhand shot by Ted Purcell.
0:40 of 2nd period - Stopped by Kevin Poulin without a rebound.
0:41 of 2nd period - Henrik Sedin wins face-off versus Nicklas Backstrom in Bruins zone.
1:15 of 2nd period - Slapshot by Alex Pietrangelo.
1:15 of 2nd period - Shot Misses the Net.
1:17 of 2nd period - Snap shot by Bryce Lampman.
1:17 of 2nd period - Shot Blocked by Andrew Alberts.
1:32 of 2nd period - Minor Penalty to Drew Fata for Hooking.
1:33 of 2nd period - Travis Zajac wins face-off versus Henrik Sedin in Blues zone.
1:33 of 2nd period - Travis Zajac is hit by Wojtek Wolski.
1:49 of 2nd period - Patrick Kaleta is hit by Henrik Sedin and loses puck.
2:02 of 2nd period - Backhand shot by Andrew Alberts.
2:02 of 2nd period - Deflect By Victor Oreskovich.
2:02 of 2nd period - Deflect By Alex Pietrangelo.
2:02 of 2nd period - Stopped by Tuukka Rask without a rebound.
2:03 of 2nd period - Logan Couture wins face-off versus Marc Savard in Blues zone.
3:32 of 2nd period - Penalty to Drew Fata is over, Drew Fata is back on ice.
3:38 of 2nd period - Slapshot by David Perron.
3:38 of 2nd period - Shot Misses the Net.
3:44 of 2nd period - Michael Grabner is hit by Mike Fisher and loses puck.
4:01 of 2nd period - Wrist shot by Alex Pietrangelo.
4:01 of 2nd period - Deflect By Marian Hossa.
4:01 of 2nd period - Stopped by Kevin Poulin without a rebound.
4:02 of 2nd period - Dave Bolland wins face-off versus Logan Couture in Bruins zone.
4:57 of 2nd period - Wrist shot by Henrik Sedin.
4:57 of 2nd period - Shot Blocked by David Perron.
4:59 of 2nd period - Wrist shot by Victor Oreskovich.
4:59 of 2nd period - Deflect By Henrik Sedin.
4:59 of 2nd period - Shot Blocked by Yann Sauvé.
4:59 of 2nd period - Puck is out of play.
5:00 of 2nd period - Travis Zajac wins face-off versus Marc Savard in Blues zone.
6:19 of 2nd period - Wrist shot by Ted Purcell.
6:19 of 2nd period - Stopped by Kevin Poulin with a rebound.
6:21 of 2nd period - Slapshot by Drew Fata.
6:21 of 2nd period - Shot Blocked by Andrew Alberts.
6:23 of 2nd period - Snap shot by Drew Fata.
6:23 of 2nd period - Deflect By Ted Purcell.
6:23 of 2nd period - Stopped by Kevin Poulin with a rebound.
6:25 of 2nd period - Slapshot by Jake Gardiner.
6:25 of 2nd period - Shot Blocked by Andrew Alberts.
6:27 of 2nd period - Slapshot by Drew Fata.
6:27 of 2nd period - Stopped by Kevin Poulin with a rebound.
6:29 of 2nd period - Snap shot by Ted Purcell.
6:29 of 2nd period - Stopped by Kevin Poulin with a rebound.
6:39 of 2nd period - Ted Purcell is hit by Kris Chucko and loses puck.
6:55 of 2nd period - Jake Gardiner is hit by Kris Chucko and loses puck.
7:14 of 2nd period - Kris Chucko is hit by Ted Purcell and loses puck.
8:19 of 2nd period - Snap shot by Ted Purcell.
8:19 of 2nd period - Stopped by Kevin Poulin with a rebound.
8:23 of 2nd period - Wrist shot by Travis Zajac.
8:23 of 2nd period - Stopped by Kevin Poulin without a rebound.
8:24 of 2nd period - Nicklas Backstrom wins face-off versus Henrik Sedin in Bruins zone.
9:13 of 2nd period - Linus Omark is hit by Jason Demers and loses puck.
10:22 of 2nd period - Minor Penalty to David Perron for Tripping.
10:23 of 2nd period - Henrik Sedin wins face-off versus Logan Couture in Blues zone.
10:28 of 2nd period - Snap shot by Nathan Horton.
10:28 of 2nd period - Stopped by Tuukka Rask without a rebound.
10:28 of 2nd period - Minor Penalty to Tuukka Rask for Slashing.
10:29 of 2nd period - Henrik Sedin wins face-off versus Tomas Plekanec in Blues zone.
12:22 of 2nd period - Penalty to David Perron is over, David Perron is back on ice.
12:28 of 2nd period - Penalty to Logan Couture is over, Logan Couture is back on ice.
13:20 of 2nd period - Slapshot by Victor Oreskovich.
13:20 of 2nd period - Shot Misses the Net.
13:24 of 2nd period - Snap shot by Viktor Stalberg.
13:24 of 2nd period - Shot Misses the Net.
13:26 of 2nd period - Wrist shot by Viktor Stalberg.
13:26 of 2nd period - Shot Misses the Net.
13:28 of 2nd period - Slapshot by Marc Savard.
13:28 of 2nd period - Deflect By Victor Oreskovich.
13:28 of 2nd period - Stopped by Tuukka Rask with a rebound.
13:30 of 2nd period - Snap shot by Victor Oreskovich.
13:30 of 2nd period - Goal by Victor Oreskovich - Blues : 0 - Bruins : 4.
13:31 of 2nd period - Mike Fisher wins face-off versus Travis Zajac in neutral zone.
14:23 of 2nd period - Sergei Shirokov is hit by Alex Tanguay.
14:44 of 2nd period - Minor Penalty to Rene Bourque for Hooking.
14:45 of 2nd period - Henrik Sedin wins face-off versus Travis Zajac in Bruins zone.
16:44 of 2nd period - Penalty to Rene Bourque is over, Rene Bourque is back on ice.
16:51 of 2nd period - Adam McQuaid is hit by Alex Pietrangelo and loses puck.
17:03 of 2nd period - Icing by Nate Prosser.
17:04 of 2nd period - Logan Couture wins face-off versus Mike Fisher in Bruins zone.
17:50 of 2nd period - Slapshot by Nikolai Zherdev.
17:50 of 2nd period - Stopped by Tuukka Rask without a rebound.
17:51 of 2nd period - Nicklas Backstrom wins face-off versus Henrik Sedin in Blues zone.
18:03 of 2nd period - Minor Penalty to Jake Gardiner for Hooking.
18:04 of 2nd period - Travis Zajac wins face-off versus Wojtek Wolski in Blues zone.
19:04 of 2nd period - Linus Omark is hit by Shane O'Brien and loses puck.
19:19 of 2nd period - Travis Zajac is hit by Henrik Sedin and loses puck.
Goals for this period are 0 for Blues vs 2 for Bruins.
Shots for this period are 8 for Blues vs 8 for Bruins.
3rd period
0:01 of 3rd period - Henrik Sedin wins face-off versus Patrick Kaleta in neutral zone.
0:03 of 3rd period - Penalty to Jake Gardiner is over, Jake Gardiner is back on ice.
0:12 of 3rd period - Bryce Lampman is hit by Jason Demers and loses puck.
0:42 of 3rd period - Snap shot by Nathan Horton.
0:42 of 3rd period - Shot Misses the Net.
0:44 of 3rd period - Backhand shot by Nate Prosser.
0:44 of 3rd period - Stopped by Tuukka Rask with a rebound.
0:58 of 3rd period - Snap shot by Wojtek Wolski.
0:58 of 3rd period - Stopped by Tuukka Rask with a rebound.
1:20 of 3rd period - Drew Fata is hit by Wojtek Wolski and loses puck.
1:33 of 3rd period - Wrist shot by Wojtek Wolski.
1:33 of 3rd period - Stopped by Tuukka Rask with a rebound.
1:35 of 3rd period - Snap shot by Henrik Sedin.
1:35 of 3rd period - Shot Misses the Net.
1:37 of 3rd period - Snap shot by Henrik Sedin.
1:37 of 3rd period - Stopped by Tuukka Rask with a rebound.
1:43 of 3rd period - Snap shot by Henrik Sedin.
1:43 of 3rd period - Goal by Henrik Sedin - Blues : 0 - Bruins : 5.
1:44 of 3rd period - Nicklas Backstrom wins face-off versus Dave Bolland in neutral zone.
2:26 of 3rd period - Snap shot by Mike Fisher.
2:26 of 3rd period - Stopped by Tuukka Rask with a rebound.
2:32 of 3rd period - Mike Fisher is hit by Travis Zajac and loses puck.
2:49 of 3rd period - Backhand shot by Alex Tanguay.
2:49 of 3rd period - Goal by Alex Tanguay - Blues : 0 - Bruins : 6.
2:49 of 3rd period - Ray Emery enters game.
2:50 of 3rd period - Nicklas Backstrom wins face-off versus Viktor Stalberg in neutral zone.
3:13 of 3rd period - Minor Penalty to Michael Grabner for Hooking.
3:14 of 3rd period - Travis Zajac wins face-off versus Wojtek Wolski in Blues zone.
4:17 of 3rd period - Jake Gardiner is hit by Henrik Sedin and loses puck.
5:13 of 3rd period - Penalty to Michael Grabner is over, Michael Grabner is back on ice.
5:19 of 3rd period - Slapshot by Yann Sauvé.
5:19 of 3rd period - Shot Blocked by Mike Fisher.
5:27 of 3rd period - Drew Fata is hit by Mike Fisher and loses puck.
5:44 of 3rd period - Snap shot by Travis Zajac.
5:44 of 3rd period - Stopped by Kevin Poulin with a rebound.
5:46 of 3rd period - Snap shot by Ted Purcell.
5:46 of 3rd period - Shot Misses the Net.
8:17 of 3rd period - Kris Chucko is hit by Tomas Plekanec and loses puck.
8:34 of 3rd period - Slapshot by Patrick Kaleta.
8:34 of 3rd period - Stopped by Kevin Poulin with a rebound.
8:57 of 3rd period - Icing by Yann Sauvé.
8:58 of 3rd period - Tomas Plekanec wins face-off versus Henrik Sedin in Blues zone.
9:17 of 3rd period - Snap shot by Tomas Plekanec.
9:17 of 3rd period - Stopped by Kevin Poulin with a rebound.
9:19 of 3rd period - Snap shot by Linus Omark.
9:19 of 3rd period - Deflect By Patrick Kaleta.
9:19 of 3rd period - Deflect By Henrik Sedin.
9:19 of 3rd period - Shot Misses the Net.
9:19 of 3rd period - Puck is out of play.
9:20 of 3rd period - Marc Savard wins face-off versus Nicklas Backstrom in Bruins zone.
9:36 of 3rd period - Wrist shot by Bryce Lampman.
9:36 of 3rd period - Shot Blocked by Andrew Alberts.
9:53 of 3rd period - Slapshot by Shane O'Brien.
9:53 of 3rd period - Stopped by Ray Emery without a rebound.
9:54 of 3rd period - Nicklas Backstrom wins face-off versus Henrik Sedin in Blues zone.
9:54 of 3rd period - Nicklas Backstrom is hit by Henrik Sedin.
10:21 of 3rd period - Slapshot by Viktor Stalberg.
10:21 of 3rd period - Stopped by Ray Emery with a rebound.
11:11 of 3rd period - Icing by Michael Grabner.
11:12 of 3rd period - Marc Savard wins face-off versus Nicklas Backstrom in Blues zone.
11:21 of 3rd period - Snap shot by Marc Savard.
11:21 of 3rd period - Shot Misses the Net.
11:23 of 3rd period - Wrist shot by Andrew Alberts.
11:23 of 3rd period - Shot Blocked by Alex Pietrangelo.
11:43 of 3rd period - Slapshot by Alex Pietrangelo.
11:43 of 3rd period - Shot Misses the Net.
11:53 of 3rd period - Minor Penalty to Sergei Shirokov for Hooking.
11:54 of 3rd period - Henrik Sedin wins face-off versus Travis Zajac in Blues zone.
12:01 of 3rd period - Nathan Horton is hit by Yann Sauvé.
13:34 of 3rd period - Jason Demers is hit by Patrick Kaleta and loses puck.
13:53 of 3rd period - Penalty to Sergei Shirokov is over, Sergei Shirokov is back on ice.
14:57 of 3rd period - Snap shot by David Perron.
14:57 of 3rd period - Shot Misses the Net.
15:31 of 3rd period - Snap shot by Patrick Kaleta.
15:31 of 3rd period - Stopped by Kevin Poulin without a rebound.
15:32 of 3rd period - Henrik Sedin wins face-off versus Tomas Plekanec in Bruins zone.
15:45 of 3rd period - Wrist shot by Patrick Kaleta.
15:45 of 3rd period - Shot Blocked by Shane O'Brien.
15:47 of 3rd period - Wrist shot by Tomas Plekanec.
15:47 of 3rd period - Shot Misses the Net.
16:16 of 3rd period - Wrist shot by Dave Bolland.
16:16 of 3rd period - Deflect By Viktor Stalberg.
16:16 of 3rd period - Shot Misses the Net.
16:16 of 3rd period - Puck is out of play.
16:17 of 3rd period - Travis Zajac wins face-off versus Dave Bolland in Blues zone.
16:28 of 3rd period - Snap shot by Ted Purcell.
16:28 of 3rd period - Deflect By Travis Zajac.
16:28 of 3rd period - Stopped by Kevin Poulin with a rebound.
16:51 of 3rd period - Jason Demers is hit by Ted Purcell and loses puck.
16:58 of 3rd period - Wrist shot by Sergei Shirokov.
16:58 of 3rd period - Shot Misses the Net.
17:00 of 3rd period - Wrist shot by Travis Zajac.
17:00 of 3rd period - Goal by Travis Zajac - Blues : 1 - Bruins : 6.
17:01 of 3rd period - Nicklas Backstrom wins face-off versus Henrik Sedin in neutral zone.
17:03 of 3rd period - Off-side.
17:04 of 3rd period - Henrik Sedin wins face-off versus Nicklas Backstrom in neutral zone.
17:07 of 3rd period - Snap shot by Henrik Sedin.
17:07 of 3rd period - Stopped by Ray Emery without a rebound.
17:08 of 3rd period - Nicklas Backstrom wins face-off versus Victor Oreskovich in Blues zone.
17:31 of 3rd period - Wrist shot by David Perron.
17:31 of 3rd period - Shot Misses the Net.
17:41 of 3rd period - Wrist shot by Marc Savard.
17:41 of 3rd period - Stopped by Ray Emery without a rebound.
17:42 of 3rd period - Henrik Sedin wins face-off versus Travis Zajac in Blues zone.
18:07 of 3rd period - Marc Savard is hit by Logan Couture and loses puck.
18:46 of 3rd period - Minor Penalty to Alex Pietrangelo for Slashing.
18:47 of 3rd period - Henrik Sedin wins face-off versus Travis Zajac in Blues zone.
Goals for this period are 1 for Blues vs 2 for Bruins.
Shots for this period are 6 for Blues vs 11 for Bruins.
Back to the Top